 Dungeon Crawl Stone Soup version 0.30-a0-141-g30f27751c5 (webtiles) character file.

Game seed: 10296378986550558944

452 themarg the Sneak (level 7, -3/45 HPs)
             Began as a Djinni Fire Elementalist on Sept 25, 2022.
             Slain by a wyvern (12 damage)
             ... on level 5 of the Dungeon.
             The game lasted 00:13:47 (3808 turns).

themarg the Sneak (Djinni Fire Elementalist)        Turns: 3808, Time: 00:13:47

Health: -3/45      AC:  2    Str:  6 (7)  XL:     7   Next: 26%
Gold:   172        EV: 12    Int: 18 (19) God:
                   SH:  0    Dex: 10 (13)

rFire   + + .      SeeInvis .    s - +2 dagger (venom)
rCold   x . .      Faith    .    (no shield)
rNeg    . . .      Spirit   .    a - +0 robe
rPois   ∞          Reflect  .    (no helmet)
rElec   .          Harm     .    (no cloak)
rCorr   .          Rampage  .    (no gloves)
Will    .....                    (boots unavailable)
Stlth   +++.......               k - amulet of regeneration
HPRegen 0.95/turn                (no ring)
MPRegen 0.00/turn                (no ring)

@: flying
A: sickness immunity, fire resistance 2, cold vulnerability 1, float, innate
caster, HP casting, extra vitality 1
a: no special abilities


You were on level 5 of the Dungeon.
You visited 1 branch of the dungeon, and saw 5 of its levels.

You collected 172 gold pieces.

Inventory:

Hand Weapons
 s - a +2 dagger of venom (weapon)
Armour
 a - a +0 robe (worn)
Jewellery
 k - an amulet of regeneration (around neck)
Wands
 p - a wand of acid (8)
Scrolls
 c - 3 scrolls of identify
 f - a scroll of noise
 n - a scroll of blinking {unknown}
 o - a scroll of poison {unknown}
 q - a scroll of fear {unknown}
Potions
 e - 2 potions of heal wounds {unknown}
 g - 2 potions of degeneration
 i - a potion of haste
 l - 2 potions of brilliance {unknown}
 m - a potion of curing {unknown}
 r - a potion of mutation {unknown}


   Skills:
 - Level 2.5 Dodging
 + Level 4.7 Stealth
 + Level 4.4 Spellcasting


You couldn't memorise any spells.
You knew the following spells:

 Your Spells              Type           Power      Damage    Failure   Level
a - Foxfire               Conj/Fire      80%        2x1d8     2%          1
b - Scorch                Fire           40%        2d7       3%          2
c - Kindle Blastsparks    Fire/Tloc/Air  40%        2d13      7%          3
d - Inner Flame           Hex/Fire       20%        N/A       7%          3
e - Flame Wave            Conj/Fire      20%        2d7       22%         4
f - Apportation           Tloc           40%        N/A       2%          1
g - Searing Ray           Conj           40%        2d5       3%          2
h - Summon Guardian Gole  Hex/Summ       20%        N/A       7%          3
Your spell library was empty.

Dungeon Overview and Level Annotations

Branches:
Dungeon (5/15)
 Temple: D:4-7

Altars:
Gozag
Ru
Zin

Annotations:
D:5 2 exclusions, Eustachio


Innate Abilities, Weirdness & Mutations

You are immune to sickness and miasma.
You are immune to poison.
Your flesh is very heat resistant. (rF++)
You are vulnerable to cold. (rC-)
You float through the air rather than walking.
You learn spells naturally, not from books.
Your magical power is your life essence.
You have superior vitality. (+4 MHP)


Message History

Found a pink potion.
Found a scroll labelled FONEK BOISE.
An orc comes into view. It is wielding a +0 flail.
Found a stone staircase leading down.
A wyvern comes into view.
Casting: Scorch (safe; 3% risk of failure)
Confirm with . or Enter, or press ? or * to list all spells.
Flames lash the wyvern.
The wyvern hisses angrily.
The wyvern is moderately wounded.
The wyvern's fire resistance burns away.
The orc shouts!
You hear a shout!
An orc comes into view. It is wielding a +0 flail. x2
Casting: Scorch (safe; 3% risk of failure)
Confirm with . or Enter, or press ? or * to list all spells.
Flames lash the wyvern.
The wyvern is burned terribly!
The wyvern is severely wounded.
The orc shouts! x2; You hear a shout!
The wyvern bites you!
Casting: Scorch (safe; 3% risk of failure)
Confirm with . or Enter, or press ? or * to list all spells.
Flames lash the wyvern.
The wyvern is burned terribly!
The wyvern is almost dead.
The wyvern bites you.
An orc comes into view. It is wielding a +0 whip.
An orc comes into view. It is wielding a +0 club.
Eustachio mumbles some strange words.
Eustachio blinks!
The wyvern barely misses you.
Okay, then.
Okay, then.
As you read the scroll labelled FONEK BOISE, it crumbles to dust.
It is a scroll of identify.
f - a scroll of noise The wyvern misses you.
As you read the scroll labelled QYAH VAKHLU, it crumbles to dust.
The scroll dissolves into smoke.
It was a scroll of fog.
The wyvern bites you!
* * * LOW HITPOINT WARNING * * *
Eustachio mumbles some strange words.
Eustachio blinks!
The wyvern bites you!
You die...

###........ ...
##............. ..># #
#............>. .....
#.#....#.........
.....###.#..@.#.......
..?..................
.....§####....##...#
....o.§#§.....###.###
.....o§@§...........####
......§l§##.............
..o...§#§..............#
...#...###......#######.
.....#..##...<.#..~~~ #
.....#........#..~..)
.....#.......#...~._.~
...##......##.#..~...~
...#.♣♣.♣♣ ..#..~~~.


You could see Eustachio, a wyvern (combustible) and 3 orcs.

Vanquished Creatures
  An ice beast (D:4)
  A necrophage (D:4)
  A hound (D:5)
  3 orc priests (D:4)
  4 orc wizards (D:4)
  An adder (D:4)
  A worm (D:2)
  2 dart slugs
  8 orcs
  9 endoplasms
  3 giant cockroaches
  8 goblins
  4 hobgoblins
  8 jackals
  3 quokkas
  3 ball pythons
  A bat (D:2)
  3 frilled lizards
  13 kobolds
  2 rats
79 creatures vanquished.

Vanquished Creatures (others)
  117 foxfires
117 creatures vanquished.

Grand Total: 196 creatures vanquished

Notes
Turn   | Place    | Note
-------+----------+-------------------------------------------
     0 | D:1      | themarg the Djinni Fire Elementalist began the quest for
                  | the Orb.
     0 | D:1      | themarg set off with the following spells memorised:
                  | Foxfire, Scorch, Kindle Blastsparks, Inner Flame, Flame
                  | Wave.
     0 | D:1      | Reached XP level 1. HP: 15/15 MP: 0/0
   309 | D:1      | Reached XP level 2. HP: 20/21 MP: 0/0
   683 | D:1      | Reached XP level 3. HP: 21/25 MP: 0/0
   683 | D:1      | Learned a level 1 spell: Apportation
  2200 | D:3      | Found a faded altar of an unknown god.
  2212 | D:3      | Found an opulent altar of Gozag.
  2302 | D:3      | Reached XP level 4. HP: 25/31 MP: 0/0
  2840 | D:4      | Reached XP level 5. HP: 32/35 MP: 0/0
  2840 | D:4      | Learned a level 2 spell: Searing Ray
  2962 | D:4      | Noticed an ice beast
  2966 | D:4      | Killed an ice beast
  2967 | D:4      | Reached XP level 6. HP: 6/40 MP: 0/0
  3446 | D:4      | Reached XP level 7. HP: 14/45 MP: 0/0
  3446 | D:4      | Learned a level 3 spell: Summon Guardian Golem
  3607 | D:4      | Found a glowing silver altar of Zin.
  3736 | D:5      | Entered Level 5 of the Dungeon
  3769 | D:5      | Found a sacrificial altar of Ru.
  3797 | D:5      | Noticed Eustachio
  3803 | D:5      | Noticed a wyvern
  3808 | D:5      | Slain by a wyvern

Illustrated notes

Levels and vault maps discovered:
D:1:      amcnicky_arrival_abandoned_market, layout_basic
D:2:      layout_rooms
D:3:      layout_basic, grunt_gozag_breadcrumbs, nicolae_ecumenical_pavilion,
          minmay_misc_feat_x
D:4:      layout_basic, zin_academy, hangedman_abyss_or_decor_stagger
D:5:      layout_cave_pools, nicolae_qazlal_scattered_showers,
          nicolae_ru_awakened_eye, makhleb_altar_promises_db,
          portal_sewer_entry_f, serial_bayou_crossing, uniq_eustachio

Skill      XL: |  1  2  3  4  5  6 |
---------------+-------------------+-----
Stealth        | 2 3 4 |  4.7
Spellcasting   | 3 4 |  4.4
Dodging        | |  2.5

Action                   |  1- 3 |  4- 6 |  7- 9 || total
-------------------------+-------+-------+-------++-------
Melee: Hand axe          |     2 |       |       ||     2
       Dagger            |     1 |     3 |     3 ||     7
 Cast: Foxfire           |    51 |    25 |       ||    76
       Scorch            |    17 |    46 |     8 ||    71
       Summon Guardian G |       |       |     1 ||     1
       Flame Wave        |       |       |     1 ||     1
  Use: Scroll            |       |       |     2 ||     2
       Potion            |       |       |     2 ||     2
Armor: Robe              |     2 |     2 |       ||     4
Dodge: Dodged            |     8 |     3 |     6 ||    17

Table legend: (Time is in decaauts)
 A = Elapsed time spent in this place.
 B = Non-inter-level travel time spent in this place.
 C = Inter-level travel time spent in this place.
 D = Time resting spent in this place.
 E = Time spent auto-exploring this place.
 F = Levels seen in this place.
 G = Mean time per level.
                   A        B        C        D        E       F      G
               +--------+--------+--------+--------+--------+-----+--------+
         Total |   3787 |   3618 |    169 |    846 |   2261 |   5 |  757.4 |
       Dungeon |   3787 |   3618 |    169 |    846 |   2261 |   5 |  757.4 |
               +--------+--------+--------+--------+--------+-----+--------+

Top non-repeatable levels by time:
     D:1: 1396 daAuts
     D:4: 1009 daAuts
     D:2: 774 daAuts
     D:3: 535 daAuts
     D:5: 71 daAuts
